 Dungeon Crawl Stone Soup version 0.29.0-11-gd7f09526c8 (webtiles) character file.

Game seed: 8300545406962756124

922 H0rd4k the Cutter (level 8, -9/58 HPs)
             Began as a Human Artificer on Sept 6, 2022.
             Was an Initiate of Gozag.
             Shot with an arrow by a centaur (13 damage)
             ... on level 5 of the Dungeon.
             The game lasted 00:07:12 (6342 turns).

H0rd4k the Cutter (Human Artificer)                 Turns: 6342, Time: 00:07:12

Health: -9/58      AC:  6    Str: 13    XL:     8   Next: 31%
Magic:  17/17      EV: 13    Int: 14    God:    Gozag
Gold:   256        SH:  0    Dex: 15    Spells: 7/7 levels left

rFire   . . .      SeeInvis .   m - +7 short sword of Shame {pain, Dex+2}
rCold   . . .      Faith    .   (no shield)
rNeg    . . .      Spirit   .   b - +0 leather armour
rPois   .          Reflect  .   t - +2 helmet
rElec   .          Harm     .   (no cloak)
rCorr   .          Rampage  .   (no gloves)
Will    .....                   (no boots)
Stlth   +.........              (no amulet)
HPRegen 0.19/turn               o - ring of magical power
MPRegen 0.15/turn               (no ring)

@: gold aura
A: no striking features
a: Renounce Religion, Potion Petition, Call Merchant, Bribe Branch


You were on level 5 of the Dungeon.
You worshipped Gozag.
Gozag was aware of your devotion.
You visited 2 branches of the dungeon, and saw 6 of its levels.

You collected 312 gold pieces.
You paid 56 gold pieces to Gozag.

Inventory:

Hand Weapons
 m - the +7 short sword of Shame (weapon) {pain, Dex+2}
   (You found it on level 4 of the Dungeon)

   In the hands of one skilled in necromantic magic, it inflicts extra damage on
   living creatures.
   Dex:       It affects your dexterity (+2).
Missiles
 r - 7 poisoned darts
Armour
 b - a +0 leather armour (worn)
 t - a +2 helmet (worn)
Jewellery
 k - a ring of flight
 o - a ring of magical power (left hand)
Wands
 c - a wand of flame (8) (quivered)
 d - a wand of charming (6)
 e - a wand of iceblast (5)
Scrolls
 g - 2 scrolls of teleportation {unknown}
 j - 3 scrolls of amnesia {unknown}
 l - 4 scrolls of identify {unknown}
 u - a scroll of torment {unknown}
Potions
 a - 4 potions of curing {unknown}
 f - a potion of heal wounds {unknown}
 h - 2 potions of degeneration {unknown}
 i - a potion of haste {unknown}
 n - a potion of attraction {unknown}
 p - 3 potions of brilliance {unknown}
 q - a potion of might {unknown}
 s - 2 potions of magic {unknown}
 v - a potion of resistance {unknown}


   Skills:
 + Level 3.3 Fighting
 * Level 6.3(6.6) Short Blades
 + Level 2.8(4.9) Long Blades
 + Level 1.7 Maces & Flails
 - Level 2.0 Armour
 + Level 3.6 Dodging
 - Level 1.0 Stealth
 - Level 3.0 Evocations


You had 7 spell levels left.
You didn't know any spells.
Your spell library contained the following spells:

 Spells                   Type           Power      Damage    Failure   Level
 Gell's Gravitas          Tloc           0%         N/A       73%         3
 Lesser Beckoning         Tloc           0%         N/A       73%         3
 Teleport Other           Tloc           0%         N/A       73%         3


Dungeon Overview and Level Annotations

Branches:
Dungeon (5/15)             Temple (1/1) D:4

Altars:
Cheibriados
Dithmenos
Gozag
Hepliaklqana
Kikubaaqudgha
Makhleb
Nemelex Xobeh
Okawaru
Qazlal
Ru
Sif Muna
Trog
Vehumet
Wu Jian
Xom
Yredelemnul
Zin
The Shining One

Annotations:
D:1 exclusion: downstairs
D:3 exclusion: upstairs
Temple 2 transporters


Message History

Guard this area!
Found a plate armour.
Found a brightly glowing ring mail.
A scorpion comes into view.
Found 5 stones.
You hear the hiss of an avalanche of sand nearby.
Really walk into that dispersal trap?
You enter a dispersal trap!
The rat zombie blinks! x3; You blink.
The scorpion enters a dispersal trap!
The rat zombie blinks! x2; You blink.
Aiming: Charm
Press: ? - help, Shift-Dir - straight line, f - scorpion
Aim: a scorpion (chance to affect: 56%)
The scorpion is charmed.
Something bites your centaur.
Your centaur unwields a +0 shortbow.
Your centaur hits something. Your centaur misses something.
You swap places.
The centaur is no longer charmed.
The centaur wields a +0 shortbow.
The centaur shoots an arrow.
The arrow hits your scorpion!
The centaur shoots an arrow.
The arrow hits your scorpion!
Your scorpion dies!
The rat zombie bites you.
The centaur shoots an arrow.
The arrow hits you!
* * * LOW HITPOINT WARNING * * *
Aiming: Charm
Press: ? - help, Shift-Dir - straight line, f - rat zombie
Aim: a rat zombie (chance to affect: 72%)
The rat zombie struggles to resist.
The centaur shoots an arrow.
The arrow hits you!
* * * LOW HITPOINT WARNING * * *
The rat zombie barely misses you.
Aiming: Charm
Press: ? - help, Shift-Dir - straight line, f - centaur, p - rat zombie
Aim: a centaur, wielding a +0 shortbow (lightly wounded, chance to affect: 56%)
The centaur resists with significant effort.
The centaur shoots an arrow.
The arrow closely misses you.
The arrow hits the rat zombie.
The rat zombie bites you but does no damage.
The centaur shoots an arrow.
The arrow hits you!
You die...
Your body crumbles into a pile of gold.

........##........#.###.....
......................##.♣..
#
.####..###......####.$.....
....###..##
#########........♣
#...s....# #...####....
#....###.# #..## #.♣.. ....
#.# #####c# #.... ###
#.#####.....# ##...
########^##.Z@$##### ##..
##...........#### ###
##............##
#...........Z..#
#..........(...#
#..............#
#..............#
#..............#
##............##


You could see a centaur and a rat zombie.

Vanquished Creatures
  Sigmund (D:2)
  2 ice beasts (D:5)
  A kobold brigand (D:4)
  A necrophage (D:4)
  A hound (D:5)
  3 jellies (D:2)
  3 orc wizards
  Robin (D:2)
  6 gnolls
  7 adders
  A worm (D:4)
  4 dart slugs
  11 orcs
  13 endoplasms
  8 giant cockroaches
  13 goblins
  13 hobgoblins
  3 jackals (D:4)
  3 quokkas
  4 ball pythons
  3 bats
  3 frilled lizards (D:1)
  13 kobolds
  5 rats
123 creatures vanquished.

Vanquished Creatures (collateral kills)
  An orc priest (D:4)
1 creature vanquished.

Vanquished Creatures (others)
  2 scorpions (D:5)
  2 orcs (D:3)
  5 fungi (D:2)
  9 toadstools (D:2)
18 creatures vanquished.

Grand Total: 142 creatures vanquished

Notes
Turn   | Place    | Note
-------+----------+-------------------------------------------
     0 | D:1      | H0rd4k the Human Artificer began the quest for the Orb.
     0 | D:1      | Reached XP level 1. HP: 15/15 MP: 1/1
   247 | D:1      | Reached XP level 2. HP: 15/21 MP: 2/2
   743 | D:1      | Reached skill level 1 in Maces & Flails
  1410 | D:2      | Noticed Robin
  1536 | D:2      | Reached XP level 3. HP: 23/27 MP: 3/3
  1899 | D:2      | Reached skill level 1 in Long Blades
  1973 | D:2      | Reached XP level 4. HP: 32/33 MP: 4/4
  2458 | D:4      | Identified the +7 short sword of Shame {pain, Dex+2}
  2746 | D:4      | Noticed a necrophage
  3215 | D:3      | Found a bloodstained altar of Trog.
  3400 | D:3      | Reached XP level 5. HP: 34/38 MP: 5/5
  3655 | D:2      | Killed Robin
  3670 | D:2      | Reached skill level 1 in Short Blades
  3961 | D:2      | Noticed Sigmund
  3973 | D:2      | Killed Sigmund
  3974 | D:2      | Reached skill level 3 in Short Blades
  3974 | D:2      | Reached XP level 6. HP: 30/46 MP: 6/6
  4230 | D:2      | Reached XP level 7. HP: 37/51 MP: 7/7
  4940 | D:3      | Found a snail-covered altar of Cheibriados.
  4969 | D:3      | Found a sacrificial altar of Ru.
  5152 | D:4      | Reached skill level 4 in Short Blades
  5713 | D:4      | Found a staircase to the Ecumenical Temple.
  5854 | Temple   | Entered the Ecumenical Temple
  5854 | Temple   | Found a transporter.
  5854 | Temple   | Found a transporter.
  5856 | Temple   | Found a transporter.
  5856 | Temple   | Found a transporter.
  5878 | Temple   | Became a worshipper of Gozag Ym Sagoz the Greedy
  5962 | D:4      | Reached skill level 5 in Short Blades
  6105 | D:5      | Entered Level 5 of the Dungeon
  6143 | D:5      | Reached XP level 8. HP: 41/58 MP: 8/8
  6204 | D:5      | Reached skill level 6 in Short Blades
  6342 | D:5      | Shot with an arrow by a centaur

Illustrated notes

Levels and vault maps discovered:
D:1:      amcnicky_arrival_blooded_trapdoor, layout_basic
D:2:      cheibrodos_fertilizer, layout_loops_ring, minmay_quadrilaterals,
          uniq_robin, uniq_sigmund
D:3:      layout_basic, lightli_temple_of_fire, mainiacjoe_overflow_swirl,
          nrook_loot_triangle
D:4:      layout_basic, minmay_temple_entry_proselytizer
D:5:      layout_rooms, nicolae_ashenzari_panopticon, enter_ossuary_3,
          grunt_ministairs_10
Temple:   hellmonk_temple_divided_pantheon

Skill      XL: |  1  2  3  4  5  6  7  8 |
---------------+-------------------------+-----
Maces & Flails | 1 |  1.7
Long Blades    | 1 2 |  2.8
Fighting       | 2 3 |  3.3
Dodging        | 2 3 |  3.6
Short Blades   | 3 5 6 |  6.3
Armour         | |  2.0
Stealth        | |  1.0
Evocations     | |  3.0

Action                   |  1- 3 |  4- 6 |  7- 9 || total
-------------------------+-------+-------+-------++-------
Melee: Club              |    83 |       |       ||    83
       Punch             |     1 |     1 |     1 ||     3
       Falchion          |    36 |    21 |       ||    57
       Short sword       |       |    91 |   160 ||   251
Evoke: Wand              |     2 |     8 |     6 ||    16
 Stab: Sleeping          |       |       |     1 ||     1
Armor: Leather armour    |    45 |    39 |    44 ||   128
Dodge: Dodged            |    73 |    72 |    77 ||   222
